AoeStats
← TikiRat420

Arabia

507211533Analyzed
3v3 RM · 14d ago on Sep 17, 2026· 51m 45s· 6 players
Game mode
Random Map
Map size
Normal (6 player)
Population
200
Speed
Normal
Resources
Standard
Victory
Conquest
Starting age
Dark Age
Ending age
Imperial Age
RankedLock teamsTeams togetherTeam positionsShared explorationLock speedFull tech treeHidden civsTurbo modeCheats
Victory
Defeat
🇺🇸 Hindustanis · United States
1117
+10
🇺🇸 Magyars · United States
1057
+12
🇺🇸 Khmer · United States
939
+16
🇨🇦 Byzantines · Canada
1005
-14
🇨🇦 Mongols · Canada
954
-12
🇨🇦 Portuguese · Canada
944
-12
Bobson Dugnutt
7:34 Loom
9:49 Feudal Age
16:27 Castle Age
16:10 Double-Bit Axe
16:10 Horse Collar
22:41 Bow Saw
22:47 Fletching
24:13 Husbandry
27:09 Scale Barding Armor
28:19 Forging
29:01 Bodkin Arrow
31:46 Heavy Plow
32:23 Wheelbarrow
33:09 Iron Casting
33:47 Hand Cart
35:17 Chain Barding Armor
39:14 Imperial Age
37:07 Gold Mining
37:08 Stone Mining
39:52 Ballistics
39:47 Fortified Wall
39:18 Treadmill Crane
40:23 Heavy Camel Rider
40:49 Elite Skirmisher
41:35 Thumb Ring
42:09 Plate Barding Armor
44:51 Gold Shaft Mining
43:56 Pikeman
44:39 Squires
45:46 Conscription
46:38 Halberdier
48:45 Bracer
49:05 Scale Mail Armor
Mr. Excel
11:22 Feudal Age
14:27 Loom
18:26 Castle Age
17:41 Double-Bit Axe
17:38 Horse Collar
22:20 Pikeman
26:36 Husbandry
31:03 Scale Mail Armor
51:07 Imperial Age
Mephistopheles
11:22 Loom
13:07 Feudal Age
18:03 Castle Age
16:05 Double-Bit Axe
16:19 Stone Mining
19:41 Bow Saw
22:06 Pikeman
26:23 Ballistics
26:14 Horse Collar
27:14 Squires
29:53 Thumb Ring
30:34 Wheelbarrow
30:31 Fletching
30:41 Padded Archer Armor
32:26 Gold Mining
34:56 Bodkin Arrow
35:16 Leather Archer Armor
41:33 Imperial Age
42:28 Hand Cart
42:11 Elite Mangudai
44:02 Stone Shaft Mining
43:49 Bracer
45:24 Light Cavalry
46:16 Bloodlines
46:06 Husbandry
48:30 Gold Shaft Mining
X ReC0rDS
10:54 Feudal Age
18:39 Castle Age
24:41 Scale Barding Armor
24:52 Double-Bit Axe
28:11 Bloodlines
27:45 Elite Skirmisher
29:29 Padded Archer Armor
29:42 Forging
29:54 Chain Barding Armor
31:54 Forging
36:18 Imperial Age
36:07 Iron Casting
36:43 Bow Saw
36:32 Cavalier
42:19 Blast Furnace
41:56 Plate Barding Armor
44:20 Leather Archer Armor
43:56 Fletching
45:50 Sappers
46:23 Double Crossbow
47:06 Siege Engineers
48:02 Chemistry
47:23 Ballistics
47:51 Elite Ballista Elephant
FreakyZ
4:02 Loom
9:43 Feudal Age
11:00 Double-Bit Axe
19:30 Castle Age
17:43 Gold Mining
17:34 Horse Collar
19:08 Town Watch
20:20 Bow Saw
20:12 Heavy Plow
22:22 Gold Shaft Mining
22:00 Fletching
22:41 Elite Skirmisher
23:24 Bodkin Arrow
25:33 Padded Archer Armor
27:14 Thumb Ring
27:57 Ballistics
29:12 Wheelbarrow
30:44 Masonry
31:56 Scale Barding Armor
32:02 Forging
32:06 Stone Mining
34:37 Bloodlines
36:17 Chain Barding Armor
36:33 Iron Casting
40:18 Imperial Age
38:36 Hand Cart
38:51 Leather Archer Armor
39:24 Town Patrol
40:44 Heavy Camel Rider
41:25 Husbandry
41:34 Bracer
42:10 Plate Barding Armor
43:43 Imperial Camel Rider
46:49 Blast Furnace
46:20 Ring Archer Armor
45:46 Light Cavalry
47:03 Hussar
48:40 Conscription
TikiRat420
6:24 Loom
10:10 Feudal Age
11:31 Double-Bit Axe
20:30 Castle Age
19:10 Gold Mining
19:54 Bloodlines
21:11 Scale Barding Armor
21:21 Horse Collar
23:38 Chain Barding Armor
24:20 Padded Archer Armor
24:36 Scale Mail Armor
25:13 Pikeman
28:10 Fletching
28:20 Padded Archer Armor
34:10 Wheelbarrow
47:41 Imperial Age
47:48 Chain Mail Armor
48:51 Cavalier
48:54 Halberdier
50:12 Plate Barding Armor
Connection lost

Rejoining the realm…

Still unreachable

The connection could not be restored.

Session expired

The server has moved on; the page needs a fresh start.